 Dungeon Crawl Stone Soup version 0.27-a0-1202-ge72e49191c (webtiles) character file.

Game seed: 7313682847757980265

111 kae the Distorting Demonspawn (level 4, -1/37 HPs)
             Began as a Demonspawn Abyssal Knight on June 3, 2021.
             Was a Believer of Lugonu.
             Slain by an orc
             ... wielding a +0 club
              (5 damage)
             ... on level 3 of the Dungeon.
             The game lasted 00:01:50 (2538 turns).

kae the Distorting Demonspawn (DsAK)                Turns: 2538, Time: 00:01:51

Health: -1/37      AC:  3    Str: 13    XL:     4   Next: 62%
Magic:  6/6        EV: 11    Int: 14    God:    Lugonu [**....]
Gold:   184        SH:  0    Dex: 12    Spells: 3/3 levels left

rFire    . . .     SeeInvis .   a - +1 falchion
rCold    . . .     Faith    .   (no shield)
rNeg     . . .     Spirit   .   b - +0 leather armour
rPois    .         Reflect  .   (no helmet)
rElec    .         Harm     .   (no cloak)
rCorr    .         Rampage  .   (no gloves)
Will     .....                  (no boots)
Stlth    +.........             (no amulet)
HPRegen  0.12/turn              (no ring)
MPRegen  0.10/turn              (no ring)

@: no status effects
A: hooves 1
a: Renounce Religion, Depart the Abyss, Bend Space


You were on level 3 of the Dungeon.
You worshipped Lugonu.
Lugonu was pleased with you.
You visited 1 branch of the dungeon, and saw 4 of its levels.
You visited the Abyss 1 time.

You collected 184 gold pieces.

Inventory:

Hand Weapons
 a - a +1 falchion (weapon)
Armour
 b - a +0 leather armour (worn)
Potions
 c - a potion of heal wounds
 d - a potion of flight
 e - a potion of curing {unknown}
 f - a potion of lignification {unknown}


   Skills:
 + Level 3.7 Fighting
 * Level 3.4 Long Blades
 - Level 1.7 Armour
 - Level 0.8 Dodging
 + Level 3.8 Invocations


You had 3 spell levels left.
You didn't know any spells.
Your spell library was empty.

Dungeon Overview and Level Annotations

Branches:
Dungeon (4/15)
 Temple: D:4-7

Altars:

Annotations:
D:4 Pikel


Innate Abilities, Weirdness & Mutations

You have large cloven feet.


Message History

The magic dart hits you.
You closely miss something.
You feel less confused.
You hear some strange, mumbled words.
A puff of flame appears from out of thin air!
The puff of flame hits you! The orc hits you but does no damage.
You hear some strange, mumbled words.
Something tries to affect you, but you resist.
You hit the orc. You kick the orc.
You kill the orc!
Lugonu accepts your kill.
You closely miss something. Something hits you.
You miss something. You kick something. Something hits you.
You hit something. Something hits you. Something hits you but does no damage.
You barely miss something.
You hear some strange, mumbled words.
Something tries to affect you, but you resist.
You hit something. You kick something. Something hits you.
You hit something. Your kick misses something.
You hear some strange, mumbled words.
A magic dart appears from out of thin air!
The magic dart hits you.
* * * LOW HITPOINT WARNING * * *
You slash something! Lugonu accepts your kill.
Reactivating autopickup.
You feel a bit more experienced.
You hit the orc.
The orc is heavily wounded.
The orc hits you with a +0 club.
* * * LOW HITPOINT WARNING * * *
You closely miss the orc.
The orc is heavily wounded.
The orc closely misses you. x2; You riposte.
You closely miss the orc. Your kick misses the orc.
The orc is heavily wounded.
You hit the orc but do no damage.
The orc is heavily wounded.
The orc hits you with a +0 club.
You die...

....## ##.##o####
#.#.# ####.# #.#.#
#...# #.#.# #.###
....####### #.#
#.#.......# #o#
#.#.#####.# ### #)#
#^#.#####.####.###.#
#.#.##........#.@oo#
#....†.##.####.#####
###.#####.# ###
#.......# #########


You could see 2 orcs.

Vanquished Creatures
  A lemure (D:3)
  An orc wizard (D:3)
  2 adders
  3 dart slugs
  3 orcs (D:3)
  8 bats
  5 endoplasms
  3 giant cockroaches
  3 goblins (D:1)
  5 hobgoblins
  4 jackals (D:2)
  2 kobolds
  A quokka (D:1)
  4 ball pythons
  6 frilled lizards (D:1)
  4 rats
55 creatures vanquished.

Notes
Turn   | Place    | Note
-------+----------+-------------------------------------------
     0 | Abyss:1  | kae the Demonspawn Abyssal Knight began the quest for the
                  | Orb.
     0 | Abyss:1  | Reached XP level 1. HP: 18/18 MP: 2/2
    43 | Abyss:1  | Noticed an orc sorcerer
    43 | Abyss:1  | Noticed a worldbinder
    45 | Abyss:1  | Noticed an ice devil
    46 | Abyss:1  | Noticed a rust devil
    47 | Abyss:1  | Noticed a yaktaur
    47 | D:1      | Escaped the Abyss
   318 | D:1      | Gained mutation: You have large cloven feet. [demonic
                  | ancestry]
   318 | D:1      | Reached XP level 2. HP: 23/24 MP: 4/4
   695 | D:1      | Reached ** piety under Lugonu
   705 | D:1      | Reached XP level 3. HP: 27/29 MP: 5/5
   837 | D:1      | Found a faded altar of an unknown god.
  1334 | D:2      | You fall into a shaft and drop 2 floors!
  1376 | D:4      | Noticed Pikel
  1376 | D:4      | Noticed a lemure
  1376 | D:4      | Noticed a lemure
  1376 | D:4      | Noticed a lemure
  1376 | D:4      | Noticed a lemure
  1468 | D:3      | HP: 1/29 [lemure[Pikel] (4)]
  1468 | D:3      | Killed a lemure
  1894 | D:2      | Reached XP level 4. HP: 29/35 MP: 6/6
  2538 | D:3      | Slain by an orc

Illustrated notes

Levels and vault maps discovered:
D:1:      onia_arrival_pyramid, layout_loops_ring,
          chequers_ecumenical_altar_simple
D:2:      layout_rooms
D:3:      layout_loops_cross, general_overflow_altar, serial_shops, shop, shop,
          uniq_sigmund
D:4:      layout_loops_ring, serial_shops, kennysheep_mini_moat,
          minmay_misc_feat_room, minivault_11, uniq_pikel, uniq_grinder

Skill      XL: |  1  2  3 |
---------------+----------+-----
Long Blades    | 2 3 |  3.4
Invocations    | 3 |  3.8
Fighting       | |  3.7
Armour         | |  1.7
Dodging        | |  0.8

Action                   |  1- 3 |  4- 6 || total
-------------------------+-------+-------++-------
Melee: Falchion          |   128 |    46 ||   174
       Kick              |    25 |    11 ||    36
  Use: Potion            |     6 |       ||     6
       Scroll            |     3 |       ||     3
 Stab: Sleeping          |       |     1 ||     1
Armor: Leather armour    |    38 |    12 ||    50
Dodge: Dodged            |    76 |    26 ||   102
       Rpst.: Falchion   |    21 |     5 ||    26

Table legend: (Time is in decaauts)
 A = Elapsed time spent in this place.
 B = Non-inter-level travel time spent in this place.
 C = Inter-level travel time spent in this place.
 D = Time resting spent in this place.
 E = Time spent auto-exploring this place.
 F = Levels seen in this place.
 G = Mean time per level.
                   A        B        C        D        E       F      G
               +--------+--------+--------+--------+--------+-----+--------+
         Total |   2568 |   2546 |     22 |    303 |   1788 |   5 |  513.6 |
       Dungeon |   2519 |   2497 |     22 |    303 |   1749 |   4 |  629.8 |
         Abyss |     48 |     48 |      0 |      0 |     39 |   1 |   48.0 |
               +--------+--------+--------+--------+--------+-----+--------+

Top non-repeatable levels by time:
     D:1: 918 daAuts
     D:3: 770 daAuts
     D:2: 760 daAuts
     D:4: 70 daAuts
 Abyss:1: 48 daAuts
